 Dungeon Crawl Stone Soup version 0.20.1-1-g8b1a95d (webtiles) character file.

7334 Haldmier the Fighter (level 11, 0/105 HPs)
             Began as an Ogre Wizard on Sept 21, 2017.
             Was a Priest of Hepliaklqana.
             Splashed by an acid dragon's acid (8 damage)
             ... on level 10 of the Dungeon.
             The game lasted 01:01:52 (11455 turns).

Haldmier the Fighter (Ogre Wizard)                 Turns: 11455, Time: 01:01:53

Health: 0/105      AC:  4    Str: 13    XL:     11   Next: 13%
Magic:  19/23      EV: 12    Int: 20    God:    Hepliaklqana [***...]
Gold:   443        SH:  0    Dex:  9    Spells: 10/26 levels left

rFire    . . .     SeeInvis .   R - +1 glaive (protect)
rCold    . . .     Gourm    +   (shield currently unavailable)
rNeg     . . .     Faith    .   a - +0 robe
rPois    .         Spirit   .   b - +1 hat
rElec    .         Reflect  .   (no cloak)
rCorr    .         Harm     .   (gloves unavailable)
MR       +....                  (boots unavailable)
Stlth    +.........             q - amulet of the gourmand
Regen    0.3/turn               k - ring of wizardry
MPRegen  0.2/turn               (no ring)

@: no status effects
A: unfitting armour, reduced essence, tough skin 1
a: Recall Ancestor, Ancestor Identity, Transference, Renounce Religion


You were on level 10 of the Dungeon.
You worshipped Hepliaklqana.
Hepliaklqana was most pleased with you.
You were completely stuffed.

You visited 2 branches of the dungeon, and saw 11 of its levels.

You collected 575 gold pieces.
You spent 132 gold pieces at shops.

Inventory:

Hand Weapons
 s - a +1 trident
 y - a +1 dagger of venom
 R - a +1 glaive of protection (weapon)
Missiles
 r - 4 javelins (quivered)
Armour
 a - a +0 robe (worn)
 b - a +1 hat (worn)
Magical Staves
 M - an uncursed staff of fire {unknown}
Jewellery
 k - a ring of wizardry (left hand)
 q - an amulet of the gourmand (around neck)
Wands
 t - a wand of enslavement (12/24)
 C - a wand of flame (15/48)
 F - a wand of enslavement (11/24)
 H - a wand of iceblast (8/15)
 I - a wand of lightning (8/15)
 N - a wand of confusion (25/48)
Scrolls
 f - 3 scrolls of blinking
 i - 4 scrolls of remove curse
 n - 3 scrolls of enchant armour
 p - 3 scrolls of immolation
 w - 2 scrolls of amnesia
 x - 4 scrolls of teleportation
 Q - a scroll of magic mapping
Potions
 e - a potion of invisibility {unknown}
 g - 2 potions of agility
 j - 2 potions of might
 l - a potion of heal wounds
 o - a potion of brilliance
 u - a potion of degeneration {unknown}
 v - 2 potions of flight {unknown}
 z - 4 potions of mutation
 D - a potion of magic {unknown}
 E - 8 potions of curing
 J - 2 potions of haste
 K - 2 potions of lignification
 P - a potion of resistance {unknown}
Books
 c - a book of Minor Magic

   Spells                             Type                      Level
   a - Magic Dart                     Conjuration                  1
   b - Blink                          Translocation                2
   c - Call Imp                       Summoning                    2
   d - Slow                           Hexes                        2
   e - Conjure Flame                  Conjuration/Fire             3
   f - Mephitic Cloud                 Conjuration/Poison/Air       3
 h - a book of Air

   Spells                             Type                      Level
   a - Shock                          Conjuration/Air              1
   b - Swiftness                      Charms/Air                   2
   c - Static Discharge               Conjuration/Air              3
   d - Airstrike                      Air                          4
   e - Lightning Bolt                 Conjuration/Air              5
 L - a book of Frost

   Spells                             Type                      Level
   a - Freeze                         Ice                          1
   b - Throw Frost                    Conjuration/Ice              2
   c - Ozocubu's Armour               Charms/Ice                   3
   d - Throw Icicle                   Conjuration/Ice              4
   e - Summon Ice Beast               Ice/Summoning                4
 O - a book of Power

   Spells                             Type                      Level
   a - Iskenderun's Battlesphere      Conjuration/Charms           5
   b - Venom Bolt                     Conjuration/Poison           5
   c - Bolt of Magma                  Conjuration/Fire/Earth       5
   d - Iron Shot                      Conjuration/Earth            6
   e - Orb of Destruction             Conjuration                  7
   f - Spellforged Servitor           Conjuration/Summoning        7
Comestibles
 d - 14 bread rations
 m - 3 royal jellies
 A - 7 meat rations
 B - 19 chunks of flesh
 G - 8 fruits


   Skills:
 - Level 10.0 Fighting
 + Level 7.4 Polearms
 + Level 5.7 Dodging
 - Level 1.4 Stealth
 - Level 8.0 Spellcasting
 + Level 5.9 Conjurations
 + Level 1.2 Charms
 - Level 2.0 Summonings
 - Level 2.0 Translocations
 - Level 2.0 Fire Magic
 - Level 2.0 Air Magic
 - Level 2.0 Poison Magic
 - Level 4.0 Invocations


You had 10 spell levels left.
You knew the following spells:

 Your Spells              Type           Power        Failure   Level  Hunger
a - Magic Dart            Conj           ####         1%          1    None
b - Blink                 Tloc           N/A          2%          2    None
c - Call Imp              Summ           ###.....     2%          2    None
d - Conjure Flame         Conj/Fire      ###.....     1%          3    None
e - Mephitic Cloud        Conj/Pois/Air  ###.....     2%          3    None
f - Iskenderun's Battles  Conj/Chrm      ###.....     21%         5    #####..


Dungeon Overview and Level Annotations

Branches:
Dungeon (10/15)            Temple (1/1) D:4             Orc (0/2) D:9
   Lair: D:8-11

Altars:
Ashenzari
Cheibriados
Dithmenos
Elyvilon
Fedhas
Gozag
Hepliaklqana
Kikubaaqudgha
Makhleb
Nemelex Xobeh
Okawaru
Qazlal
Ru
Sif Muna
Trog
Uskayaw
Vehumet
Xom
Yredelemnul
Zin
The Shining One
Lugonu

Shops:
D:4 *


Innate Abilities, Weirdness & Mutations

You are too large for most types of armour.
You have tough skin. (AC +1)
Your life essence is reduced to manifest your ancestor. (-10% HP)


Message History

The acid dragon claws you but does no damage.
Casting: Magic Dart
Confirm with . or Enter, or press ? or * to list all spells.
A beastly little devil appears in a puff of flame.
The acid dragon bites you!
* * * LOW HITPOINT WARNING * * *
The acid dragon claws you.
* * * LOW HITPOINT WARNING * * *
The acid dragon spits acid at you.
The splash of acid hits your crimson imp.
Your crimson imp is splashed with acid.
The acid corrodes your crimson imp!
Your crimson imp dies!
Casting: Call Imp
Confirm with . or Enter, or press ? or * to list all spells.
A beastly little devil appears in a puff of frigid air.
The acid dragon spits acid at you. The splash of acid hits you!
* * * LOW HITPOINT WARNING * * *
You are splashed with acid!
The acid burns!
You die...

[.# #. #.# ####.#### #.#
#.......# #####.##
#.......# #......# #
#.......######......# ###
#.......#5..........####.'
.#.......#@####...........#
...........# #......######
#......D### ####.#### #
#...?...# #....# #
#####..## ####.# ##.#
#######+##### ...
#.........##. ....
#.........##. .....
#.......)....


You could see an acid dragon and a friendly white imp.

Vanquished Creatures
  Pikel (D:7)
  A hippogriff (D:9)
  A yak (D:10)
  A spriggan (D:7)
  A hungry ghost (D:9)
  A slave (D:7)
  5 orc warriors
  An eye of draining (D:10)
  2 ice beasts
  2 necrophages (D:5)
  5 ogres
  A centaur (D:6)
  2 crocodiles
  A big kobold (D:7)
  2 bullfrogs
  3 killer bees
  2 howler monkeys
  A crimson imp (D:7)
  3 centaur zombies
  A bullfrog zombie (D:5)
  2 jellies (D:9)
  7 orc priests
  A gnoll shaman (D:8)
  5 hounds
  A bullfrog skeleton (D:6)
  10 orc wizards
  2 centaur skeletons
  2 iguanas
  6 worker ants
  Natasha (D:4)
  2 gnolls (D:3)
  2 hexers
  9 adders
  A shadow imp (D:7)
  An adder zombie (D:5)
  An adder skeleton (D:6)
  2 worms
  2 dart slugs
  8 leopard geckos
  19 orcs
  3 giant cockroaches
  5 goblins
  3 hobgoblins
  8 jackals
  11 kobolds
  2 quokkas
  4 bats
  11 frilled lizards
  A leopard gecko skeleton (D:5)
  A quokka skeleton (D:5)
  9 rats
179 creatures vanquished.

Vanquished Creatures (collateral kills)
  A two-headed ogre (D:8)
  Eustachio (D:5)
  2 yaks (D:10)
  A sky beast (D:7)
  3 orc warriors
  A phantom (D:8)
  A slave (D:7)
  An ice beast (D:8)
  A necrophage (D:8)
  An ogre (D:10)
  A centaur (D:6)
  A big kobold (D:4)
  2 bullfrogs
  A scorpion (D:4)
  A wyvern skeleton (D:8)
  4 killer bees
  3 howler monkeys (D:9)
  2 hounds (D:4)
  4 orc priests
  An iron imp (D:5)
  2 jellies
  Jessica (D:2)
  Natasha (twice) (D:4)
  3 orc wizards
  4 worker ants
  4 adders
  9 gnolls
  3 worms
  33 orcs
  A giant cockroach (D:7)
  2 goblins (D:3)
  A hobgoblin (D:3)
  3 jackals
  3 kobolds
  4 quokkas
  A bat (D:3)
  2 frilled lizards (D:3)
  A rat (D:3)
112 creatures vanquished.

Vanquished Creatures (others)
  A slave (D:7)
  2 orc priests
  4 orc wizards (D:7)
  A hound skeleton (D:4)
  8 hexers
  4 ancestors
  5 orcs
25 creatures vanquished.

Grand Total: 316 creatures vanquished

Notes
Turn   | Place    | Note
-------+----------+-------------------------------------------
     0 | D:1      | Haldmier the Ogre Wizard began the quest for the Orb.
     0 | D:1      | Reached XP level 1. HP: 16/16 MP: 5/5
    95 | D:1      | Reached skill level 1 in Conjurations
   540 | D:1      | Reached XP level 2. HP: 26/26 MP: 3/6
   818 | D:1      | Reached skill level 1 in Fighting
   818 | D:1      | Reached XP level 3. HP: 28/33 MP: 2/8
  1164 | D:1      | Learned a level 2 spell: Blink
  1167 | D:1      | Learned a level 2 spell: Call Imp
  1171 | D:1      | Learned a level 3 spell: Conjure Flame
  1502 | D:2      | Reached skill level 1 in Translocations
  1612 | D:2      | Found a hazy altar of Hepliaklqana.
  1664 | D:2      | Became a worshipper of Hepliaklqana the Forgotten
  1698 | D:2      | Found an iron altar of Okawaru.
  1698 | D:2      | Found a white marble altar of Elyvilon.
  1857 | D:2      | Reached skill level 1 in Summonings
  2036 | D:2      | Noticed Jessica
  2044 | D:2      | Killed Jessica
  2044 | D:2      | Reached skill level 2 in Fighting
  2044 | D:2      | Reached XP level 4. HP: 37/37 MP: 4/9
  2491 | D:3      | Reached skill level 1 in Fire Magic
  2872 | D:3      | Found a hide-covered altar of Uskayaw.
  2971 | D:3      | Reached XP level 5. HP: 44/44 MP: 5/11
  3076 | D:3      | Learned a level 3 spell: Mephitic Cloud
  3359 | D:3      | Reached * piety under Hepliaklqana
  3901 | D:4      | Noticed an ogre
  3902 | D:4      | Noticed Natasha
  3922 | D:4      | Reached skill level 1 in Polearms
  4010 | D:3      | Reached XP level 6. HP: 29/53 MP: 12/12
  4411 | D:4      | Reached skill level 1 in Poison Magic
  4416 | D:4      | Reached XP level 7. HP: 52/59 MP: 5/13
  4437 | D:4      | Found Apraj's General Store.
  4480 | D:4      | Bought a potion of heal wounds for 60 gold pieces
  4480 | D:4      | Bought a potion of might for 48 gold pieces
  4480 | D:4      | Bought a scroll of identify for 24 gold pieces
  4498 | D:4      | Killed Natasha
  4537 | D:4      | Reached skill level 1 in Air Magic
  4577 | D:4      | Noticed Natasha
  4855 | D:4      | Killed Natasha
  4877 | D:4      | Reached skill level 3 in Fighting
  4882 | D:4      | Noticed Natasha
  4888 | D:4      | Killed Natasha
  4927 | D:4      | Found a staircase to the Ecumenical Temple.
  4945 | Temple   | Entered the Ecumenical Temple
  5005 | D:4      | Found a radiant altar of Vehumet.
  5212 | D:4      | Reached ** piety under Hepliaklqana
  5224 | D:4      | Remembered your ancestor Zolin as a hexer
  5635 | D:5      | Entered Level 5 of the Dungeon
  5675 | D:5      | Reached skill level 5 in Spellcasting
  5675 | D:5      | Reached XP level 8. HP: 36/70 MP: 10/15
  6071 | D:5      | Reached skill level 4 in Fighting
  6094 | D:5      | Found a glowing silver altar of Zin.
  6164 | D:5      | Found a bloodstained altar of Trog.
  6169 | D:5      | Found a blossoming altar of Fedhas.
  6274 | D:5      | Noticed Eustachio
  6332 | D:5      | Killed Eustachio
  6347 | D:5      | Reached skill level 5 in Fighting
  6492 | D:5      | Found a snail-covered altar of Cheibriados.
  6497 | D:5      | Reached skill level 5 in Conjurations
  6851 | D:5      | Reached XP level 9. HP: 66/79 MP: 10/18
  7001 | D:6      | Reached skill level 6 in Fighting
  7131 | D:6      | Found a shimmering altar of Xom.
  8072 | D:7      | Noticed Pikel
  8087 | D:7      | Killed Pikel
  8087 | D:7      | Reached skill level 7 in Fighting
  8087 | D:7      | Reached skill level 5 in Polearms
  8154 | D:7      | Found a shattered altar of Ashenzari.
  8158 | D:7      | Reached *** piety under Hepliaklqana
  8288 | D:7      | Reached XP level 10. HP: 87/93 MP: 14/21
  8444 | D:7      | Found a sacrificial altar of Ru.
  8744 | D:7      | Reached skill level 8 in Fighting
  9147 | D:8      | Noticed a two-headed ogre
  9155 | D:8      | Reached skill level 1 in Invocations
  9169 | D:8      | Killed a two-headed ogre
  9994 | D:9      | Reached skill level 9 in Fighting
 10267 | D:9      | Reached skill level 5 in Dodging
 10884 | D:9      | Found a staircase to the Orcish Mines.
 11224 | D:9      | Learned a level 5 spell: Iskenderun's Battlesphere
 11225 | D:10     | Entered Level 10 of the Dungeon
 11281 | D:10     | Reached XP level 11. HP: 102/105 MP: 18/23
 11427 | D:10     | Reached skill level 10 in Fighting
 11427 | D:10     | Reached skill level 1 in Charms
 11455 | D:10     | Splashed by an acid dragon's acid

Skill      XL: |  1  2  3  4  5  6  7  8  9 10 11 |
---------------+----------------------------------+-----
Conjurations   | 1 2 3 5 |  5.9
Fighting       | 1 2 3 5 7 9 10 | 10.0
Translocations | 1 2 |  2.0
Summonings     | 1 2 |  2.0
Fire Magic     | 1 2 |  2.0
Spellcasting   | 4 5 6 7 8 |  8.0
Polearms       | 1 2 4 5 7 |  7.4
Poison Magic   | 1 2 |  2.0
Air Magic      | 2 |  2.0
Dodging        | 3 5 |  5.7
Invocations    | 4 |  4.0
Charms         | 1 |  1.2
Stealth        | |  1.4

Action                   |  1- 3 |  4- 6 |  7- 9 | 10-12 || total
-------------------------+-------+-------+-------+-------++-------
Melee: Spear             |    85 |   119 |       |       ||   204
       Trident           |       |    13 |   309 |   237 ||   559
       Glaive            |       |       |       |    37 ||    37
 Cast: Magic Dart        |    68 |    52 |    85 |    49 ||   254
       Conjure Flame     |       |     4 |    11 |     2 ||    17
       Call Imp          |       |     2 |     2 |     9 ||    13
       Mephitic Cloud    |       |     4 |    20 |    17 ||    41
       Blink             |       |       |       |     1 ||     1
Invok: Ancestor Identity |       |     1 |       |       ||     1
       Ancestor Life: He |       |       |     1 |       ||     1
       Recall Ancestor   |       |       |     1 |       ||     1
       Transference      |       |       |       |     1 ||     1
  Use: Scroll            |       |    11 |     2 |     6 ||    19
       Potion            |       |       |       |     1 ||     1
 Stab: Sleeping          |       |     2 |     3 |     1 ||     6
       Confused          |       |       |     3 |    11 ||    14
       Distracted        |       |       |       |     3 ||     3
  Eat: Chunk             |     3 |    21 |    14 |    10 ||    48
Armor: Robe              |    29 |    21 |    40 |    40 ||   130
Dodge: Dodged            |    48 |    53 |    92 |   110 ||   303
